 Dungeon Crawl Stone Soup version 0.31-a0-38-g1548c4f2a5 (webtiles) character file.

Game seed: 4258002053583891197

19 subawu the Sneak (level 2, -1/22 HPs)
             Began as a Demonspawn Brigand on May 16, 2023.
             Slain by a gnoll
             ... wielding a +0 halberd
              (3 damage)
             ... on level 2 of the Dungeon.
             The game lasted 00:03:09 (774 turns).

subawu the Sneak (Demonspawn Brigand)                Turns: 774, Time: 00:03:09

Health: -1/22      AC: 11    Str: 11    XL:     2   Next: 55%
Magic:  2/2        EV:  8    Int: 12    God:
Gold:   72         SH:  0    Dex: 14    Spells: 1/1 levels left

rFire   . . .        a - +2 dagger
rCold   . . .        (no shield)
rNeg    + . .        f - +0 pearl dragon scales
rPois   .            (helmet restricted)
rElec   .            c - +0 cloak
rCorr   .            (no gloves)
SInv    .            (no boots)
Will    .....        (no amulet)
Stlth   +            (no ring)
HPRegen 0.23/turn    (no ring)
MPRegen 0.08/turn

%: no passive effects
@: no status effects
A: horns 1
a: no special abilities


You were on level 2 of the Dungeon.
You visited 1 branch of the dungeon, and saw 2 of its levels.

You collected 72 gold pieces.

Inventory:

Hand Weapons
 a - a +2 dagger (weapon)
Missiles
 d - 9 poisoned darts (quivered)
 e - 3 curare-tipped darts
 i - 24 stones
Armour
 b - a +0 robe
 c - a +0 cloak (worn)
 f - +0 pearl dragon scales (worn)
Scrolls
 g - 2 scrolls of amnesia
 h - a scroll of teleportation
Potions
 j - a potion of invisibility
 k - 2 potions of flight {unknown}
 l - a potion of magic {unknown}
 n - a potion of attraction {unknown}


   Skills:
 + Level 2.2 Fighting
 + Level 2.0 Short Blades
 + Level 2.0 Throwing
 + Level 1.2 Dodging
 + Level 3.8 Stealth


You had one spell level left.
You didn't know any spells.
Your spell library contained the following spells:

 Spells                   Type           Power      Damage    Failure   Level
 Summon Small Mammal      Summ           0%         N/A       97%         1
 Inner Flame              Hex/Fire       0%         N/A       100%        3
 Yara's Violent Unravell  Hex/Tmut       0%         3d3       100%        5
 Enfeeble                 Hex            0%         N/A       100%        7


Dungeon Overview and Level Annotations

Branches:
Dungeon (2/15)

Altars:


Innate Abilities, Weirdness & Mutations

You have a pair of small horns on your head.


Message History

You hit the giant cockroach.
The giant cockroach is heavily wounded.
The giant cockroach barely misses you. The giant cockroach closely misses you.
You hit the giant cockroach.
The giant cockroach is almost dead.
The giant cockroach bites you but does no damage.
You hit the giant cockroach.
You kill the giant cockroach!
You see here a giant cockroach corpse.
You open the door.
There is an open door here.
You open the door. 4 gnolls come into view.
The gnoll shouts! x4
Found an escape hatch in the floor.
A goblin comes into view. It is wielding a +0 dagger.
The goblin shouts!
The gnoll hits you from afar with a +0 halberd.
There is an open door here.
The gnoll hits you but does no damage. The gnoll closely misses you.
The gnoll barely misses you. x2
You hit the gnoll.
The gnoll is moderately wounded.
You hit the gnoll.
The gnoll is heavily wounded.
The gnoll hits you with a +0 flail. The gnoll completely misses you.
The gnoll hits you from afar with a +0 halberd.
The gnoll barely misses you.
You hit the gnoll but do no damage.
The gnoll is heavily wounded.
The gnoll barely misses you. x2
The gnoll hits you from afar with a +0 halberd.
The gnoll hits you from afar with a +0 spear.
* * * LOW HITPOINT WARNING * * *
You hit the gnoll.
The gnoll is severely wounded.
The gnoll hits you but does no damage. The gnoll hits you with a +0 spear.
* * * LOW HITPOINT WARNING * * *
The gnoll hits you from afar with a +0 halberd.
You die...

#.........#
#.........#
#.........#
#......>...
#.........#
#..gg......
#...gg..... ##########
#..@g......
#........#####'#####..
#........'............
#........#####.##..###
###.###...............
#.###†..†....##.####
#####.#.'.†......# #
#..<#.#.#........#
#.###.#.#####+####


You could see 4 gnolls and a goblin.

Vanquished Creatures
  An adder (D:2)
  A giant cockroach (D:2)
  3 goblins
  A hobgoblin (D:2)
  2 ball pythons (D:1)
  2 bats (D:1)
10 creatures vanquished.

Notes
Turn   | Place    | Note
-------+----------+-------------------------------------------
     0 | D:1      | subawu the Demonspawn Brigand began the quest for the Orb.
     0 | D:1      | Reached XP level 1. HP: 16/16 MP: 1/1
   233 | D:1      | Reached skill level 1 in Dodging
   331 | D:1      | Found a faded altar of an unknown god.
   342 | D:1      | Got Plato's Compendium of Companions
   736 | D:2      | Gained mutation: You have a pair of small horns on your
                  | head. [demonic ancestry]
   736 | D:2      | Reached XP level 2. HP: 22/22 MP: 2/2
   774 | D:2      | Slain by a gnoll

Illustrated notes

Levels and vault maps discovered:
D:1:      heliophobic_arrival_henge, layout_rooms,
          shapermc_ecumenical_altar_rom_forum, chequers_hall_statues_y
D:2:      layout_basic

Skill      XL: |  1  2 |
---------------+-------+-----
Dodging        | 1 |  1.2
Short Blades   | 2 |  2.0
Throwing       | 2 |  2.0
Fighting       | |  2.2
Stealth        | |  3.8

Action                     || total
---------------------------++-------
  Melee: Dagger            ||    28
         Headbutt          ||     2
    Use: Scroll            ||     3
 Armour: Pearl dragon scal ||    24
  Dodge: Dodged            ||    27

Table legend: (Time is in decaauts)
 A = Elapsed time spent in this place.
 B = Non-inter-level travel time spent in this place.
 C = Inter-level travel time spent in this place.
 D = Time resting spent in this place.
 E = Time spent auto-exploring this place.
 F = Levels seen in this place.
 G = Mean time per level.
                   A        B        C        D        E       F      G
               +--------+--------+--------+--------+--------+-----+--------+
         Total |    771 |    711 |     60 |      0 |     42 |   2 |  385.5 |
       Dungeon |    771 |    711 |     60 |      0 |     42 |   2 |  385.5 |
               +--------+--------+--------+--------+--------+-----+--------+

Top non-repeatable levels by time:
     D:1: 680 daAuts
     D:2: 90 daAuts
